 Dungeon Crawl Stone Soup version 0.29-a0-757-g358383bc75 (webtiles) character file.

Game seed: 3265126698795144636

76 DuloT34 the Sneak (level 4, -1/25 HPs)
             Began as a Vine Stalker Delver on June 30, 2022.
             Blown up by Ijyb (7 damage)
             ... with a mindburst bolt
             ... on level 3 of the Dungeon.
             The game lasted 00:02:53 (2745 turns).

DuloT34 the Sneak (Vine Stalker Delver)             Turns: 2745, Time: 00:02:54

Health: -1/25      AC:  3    Str: 16    XL:     4   Next: 32%
Magic:  0/5        EV: 11    Int: 10    God:
Gold:   139        SH:  0    Dex: 16    Spells: 3/3 levels left

rFire   . . .      SeeInvis .   a - +0 short sword
rCold   . . .      Faith    .   q - orb {*Rage}
rNeg    + . .      Spirit   +   b - +0 leather armour
rPois   .          Reflect  .   (no helmet)
rElec   .          Harm     .   (no cloak)
rCorr   .          Rampage  .   (no gloves)
Will    .....      Rage     20% (no boots)
Stlth   +++.......              (no amulet)
HPRegen 0.88/turn               h - ring of positive energy
MPRegen 0.09/turn               (no ring)

@: no status effects
A: fangs 2, regeneration 1, magic shield, antimagic bite, no potion heal 2
a: no special abilities


You were on level 3 of the Dungeon.
You visited 1 branch of the dungeon, and saw 5 of its levels.

You collected 139 gold pieces.

Inventory:

Hand Weapons
 a - a +0 short sword (weapon)
Armour
 b - a +0 leather armour (worn)
 q - an orb of wrath (worn)
Jewellery
 h - a ring of positive energy (left hand)
 m - a ring of fire
 s - a ring of resist corrosion
Wands
 g - a wand of digging (3)
Scrolls
 c - a scroll of fog
 e - 2 scrolls of fear
 j - 2 scrolls of teleportation
 p - a scroll of immolation {unknown}
 r - 4 scrolls of identify
 t - a scroll of amnesia {unknown}
Potions
 d - a potion of brilliance {unknown}
 f - a potion of haste
 i - a potion of lignification {unknown}
 k - a potion of ambrosia {unknown}
 l - 2 potions of attraction {unknown}
 n - a potion of flight {unknown}
 o - a potion of berserk rage {unknown}


   Skills:
 + Level 3.6 Fighting
 + Level 3.0 Short Blades
 + Level 0.7 Armour
 - Level 1.5 Dodging
 - Level 6.0 Stealth


You had 3 spell levels left.
You didn't know any spells.
Your spell library contained the following spells:

 Spells                   Type           Power      Damage    Failure   Level
 Blink                    Tloc           0%         N/A       56%         2
 Gell's Gravitas          Tloc           0%         N/A       80%         3
 Lesser Beckoning         Tloc           0%         N/A       80%         3
 Teleport Other           Tloc           0%         N/A       80%         3
 Airstrike                Air            0%         N/A       99%         4
 Summon Lightning Spire   Summ/Air       0%         N/A       99%         4
 Lightning Bolt           Conj/Air       0%         1d11      100%        5
 Manifold Assault         Tloc           0%         N/A       100%        5
 Dispersal                Tloc           0%         N/A       100%        6


Dungeon Overview and Level Annotations

Branches:
Dungeon (5/15)
 Temple: D:4-7

Altars:

Annotations:
D:3 Ijyb, Terence
D:4 2 transporters


Innate Abilities, Weirdness & Mutations

You have extremely sharp teeth.
Your natural rate of healing is unusually fast.
When hurt, damage is shared between your health and your magic reserves.
Your bite disrupts and absorbs the magic of your enemies.
Potions cannot restore your health.


Message History

Found an escape hatch in the ceiling.
There is an escape hatch in the ceiling here.
There is an open door here.
There is an open door here.
Found a stone staircase leading down.
You now have 139 gold pieces (gained 11).
Found 7 stones.
There is a stone staircase leading down here.
Ijyb the Twisted Goblin comes into view.
She is wielding a +0 dagger, wearing a +2 ring mail of positive energy and carrying a wand of mindburst (10).
Ijyb is nearby!
Ijyb is nearby!
Ijyb shouts!
You hit Ijyb but do no damage. You bite Ijyb. You drain her power.
Ijyb is lightly wounded.
Ijyb barely misses you.
You barely miss Ijyb. You bite Ijyb, but do no damage.
Ijyb is lightly wounded.
Ijyb hits you with a +0 dagger.
You hit Ijyb but do no damage. You bite Ijyb, but do no damage.
Ijyb is lightly wounded.
Ijyb hits you with a +0 dagger.
You hit Ijyb. Your bite misses Ijyb.
Ijyb is moderately wounded.
Ijyb zaps a wand.
Your mind is blasted!
You barely miss Ijyb. Your bite misses Ijyb.
Ijyb is moderately wounded.
Ijyb closely misses you.
You barely miss Ijyb. Your bite misses Ijyb.
Ijyb is moderately wounded.
Ijyb barely misses you.
You hit Ijyb but do no damage. You bite Ijyb, but do no damage.
Ijyb is moderately wounded.
Ijyb zaps a wand.
Your mind is blasted!
* * * LOW HITPOINT WARNING * * *
You are too injured to fight recklessly!
You are too injured to fight recklessly!
You hit Ijyb.
Ijyb is moderately wounded.
Ijyb zaps a wand.
Your mind is blasted!
You die...

####### #.....#
#######.....####
#.......@g......
#####
#.##..#.....####
....# #.##........#
###.#####.#......####
.........>.....#.#
.##.#####.###.##.#
....# #.# #.##.#
.#### #(# #.##.#
.#### #.. ... .#


You could see Ijyb.

Vanquished Creatures
  2 adders (D:2)
  A worm (D:2)
  2 dart slugs
  An orc (D:3)
  6 endoplasms
  2 giant cockroaches
  6 goblins
  6 hobgoblins
  5 kobolds
  A quokka (D:3)
  5 ball pythons
  5 bats
  3 frilled lizards
  4 rats
49 creatures vanquished.

Vanquished Creatures (others)
  A plant (D:2)
1 creature vanquished.

Grand Total: 50 creatures vanquished

Notes
Turn   | Place    | Note
-------+----------+-------------------------------------------
     0 | D:5      | DuloT34 the Vine Stalker Delver began the quest for the
                  | Orb.
     0 | D:5      | Reached XP level 1. HP: 11/11 MP: 2/2
    14 | D:5      | Noticed an iguana
    35 | D:4      | Found a transporter.
    35 | D:4      | Noticed a quasit
    43 | D:4      | Found a transporter.
   227 | D:3      | Noticed an orc priest
   227 | D:3      | Noticed an orc wizard
   257 | D:3      | Reached XP level 2. HP: 14/16 MP: 1/3
   524 | D:3      | Noticed Terence
   628 | D:2      | Reached XP level 3. HP: 20/20 MP: 4/4
  1480 | D:1      | Found a faded altar of an unknown god.
  1502 | D:1      | Gained mutation: Your natural rate of healing is unusually
                  | fast. [Vine Stalker growth]
  1502 | D:1      | Reached XP level 4. HP: 18/24 MP: 2/5
  2732 | D:3      | Noticed Ijyb
  2745 | D:3      | Blown up by Ijyb

Illustrated notes

Levels and vault maps discovered:
D:1:      sevenhm_arrival_forest_fort_small_4, layout_basic,
          chequers_ecumenical_altar_simple
D:2:      layout_rooms, serial_forest, infiniplex_forest_lined_1,
          infiniplex_forest_lined_corner, infiniplex_forest_split,
          infiniplex_forest_end_double, infiniplex_forest_straight_2,
          infiniplex_forest_end_3, infiniplex_forest_clump_diagonal,
          infiniplex_forest_clump_double
D:3:      cheibrodos_pilgrimage, layout_loops_corners, uniq_crazy_yiuf_cottage,
          uniq_terence, uniq_ijyb
D:4:      minmay_clustersquares, layout_loops_ring, portal_sewer_entry_f,
          gammafunk_ghost_abyssal_escape
D:5:      layout_basic, mainiacjoe_overflow_paths, mainiacjoe_overflow_chevrons

Skill      XL: |  1  2  3  4 |
---------------+-------------+-----
Short Blades   | 2 3 |  3.0
Fighting       | 3 |  3.6
Armour         | |  0.7
Dodging        | |  1.5
Stealth        | |  6.0

Action                   |  1- 3 |  4- 6 || total
-------------------------+-------+-------++-------
Melee: Short sword       |    95 |    43 ||   138
       Bite              |    19 |     4 ||    23
  Use: Scroll            |     6 |       ||     6
 Stab: Sleeping          |     4 |     7 ||    11
Armor: Leather armour    |    22 |     8 ||    30
Dodge: Dodged            |    57 |    18 ||    75

Table legend: (Time is in decaauts)
 A = Elapsed time spent in this place.
 B = Non-inter-level travel time spent in this place.
 C = Inter-level travel time spent in this place.
 D = Time resting spent in this place.
 E = Time spent auto-exploring this place.
 F = Levels seen in this place.
 G = Mean time per level.
                   A        B        C        D        E       F      G
               +--------+--------+--------+--------+--------+-----+--------+
         Total |   2786 |   2739 |     47 |    343 |   1888 |   5 |  557.2 |
       Dungeon |   2786 |   2739 |     47 |    343 |   1888 |   5 |  557.2 |
               +--------+--------+--------+--------+--------+-----+--------+

Top non-repeatable levels by time:
     D:2: 1101 daAuts
     D:1: 817 daAuts
     D:3: 782 daAuts
     D:4: 66 daAuts
     D:5: 19 daAuts
